 Dungeon Crawl Stone Soup version 0.30-a0-596-g0af90f9a20 (webtiles) character file.

Game seed: 14744659688570710994

57 testman the Insei (level 4, -1/29 HPs)
             Began as an Octopode Transmuter on Jan 6, 2023.
             Slain by Terence
             ... wielding a +2 heavy flail
              (11 damage)
             ... on level 2 of the Dungeon.
             The game lasted 00:06:56 (1514 turns).

testman the Insei (Octopode Transmuter)             Turns: 1514, Time: 00:06:56

Health: -1/29      AC:  1    Str:  9    XL:     4   Next: 0%
Magic:  4/7        EV: 13    Int: 17    God:
Gold:   69         SH:  0    Dex: 12    Spells: 4/7 levels left

rFire   . . .      SeeInvis .      - Unarmed
rCold   . . .      Faith    .    (no shield)
rNeg    . . .      Spirit   .    (helmet restricted)
rPois   .          Reflect  .    (no amulet)
rElec   .          Harm     .    (no ring)
rCorr   .          Rampage  .    (no ring)
Will    .....                    (no ring)
Stlth   ++                       (no ring)
HPRegen 0.24/turn                (no ring)
MPRegen 0.10/turn                (no ring)
                                 (no ring)
                                 (no ring)

@: no status effects
A: almost no armour, amphibious, 8 rings, camouflage 1, gelatinous body 1,
(nimble swimmer 1), tentacles
a: no special abilities


You were on level 2 of the Dungeon.
You visited 1 branch of the dungeon, and saw 2 of its levels.

You collected 69 gold pieces.

Inventory:

Jewellery
 m - a ring of ice
Scrolls
 b - 2 scrolls of fear {unknown}
 d - a scroll of teleportation {unknown}
 e - a scroll of enchant weapon {unknown}
 g - a scroll of vulnerability {unknown}
 i - a scroll of summoning {unknown}
 j - a scroll of enchant armour {unknown}
 l - a scroll of identify {unknown}
Potions
 a - 2 potions of lignification
 c - a potion of brilliance {unknown}
 f - a potion of heal wounds {unknown}
 h - a potion of flight {unknown}
 k - a potion of resistance {unknown}


   Skills:
 + Level 2.2 Fighting
 - Level 2.0 Dodging
 + Level 3.6 Unarmed Combat
 - Level 2.0 Spellcasting
 + Level 2.8 Transmutations


You had 4 spell levels left.
You knew the following spells:

 Your Spells              Type           Power      Damage    Failure   Level
a - Beastly Appendage     Tmut           22%        N/A       6%          1
b - Wereblood             Tmut           11%        N/A       9%          2

Your spell library contained the following spells:

 Spells                   Type           Power      Damage    Failure   Level
 Spider Form              Tmut/Pois      6%         N/A       32%         3
 Ice Form                 Ice/Tmut       6%         N/A       71%         4


Dungeon Overview and Level Annotations

Branches:
Dungeon (2/15)

Altars:

Annotations:
D:2 Terence


Innate Abilities, Weirdness & Mutations

You cannot wear most types of armour.
You are amphibious.
You can wear up to eight rings at the same time.
Your skin changes colour to match your surroundings (Stealth+).
Your rubbery body absorbs attacks. (AC +1, EV +1)
((You are camouflaged when in or above water. (Stealth+)))
You have tentacles for arms and can constrict up to eight enemies at once.


Message History

Your tentacle spike disappears.
The adder misses you.
You closely miss the adder. You grab the adder.
You squeeze the adder, but do no damage.
You constrict the adder. The adder bites you.
You tentacle-slap the adder but do no damage.
You squeeze the adder.
The adder is heavily wounded.
You constrict the adder. The adder misses you.
You tentacle-slap the adder but do no damage.
The adder is severely wounded.
You constrict the adder. The adder barely misses you. The adder bites you.
You tentacle-slap the adder.
The adder is almost dead.
You constrict the adder.
You kill the adder!
You have reached level 4!
HP restored.
You see here an adder corpse.
Found a dagger.
Found 8 stones.
Terence the Incautious comes into view.
He is wielding a +2 heavy flail and carrying a wand of quicksilver (6).
Casting: Beastly Appendage (safe; 6% risk of failure)
Confirm with . or Enter, or press ? or * to list all spells.
Your blood is infused with primal strength.
Casting: Wereblood (safe; 9% risk of failure)
Confirm with . or Enter, or press ? or * to list all spells.
One of your tentacles grows a vicious spike.
Terence shouts!
Your transformation is almost over.
Terence zaps a wand.
The bolt of dispelling energy hits you!
Your magical effects are unravelling.
Your tentacle spike disappears.
Your primal bloodlust has ended.
Terence zaps a wand.
The bolt of dispelling energy hits you!
You tentacle-slap Terence but do no damage.
Your grab misses Terence. Terence hits you with a +2 heavy flail.
You tentacle-slap Terence. You grab Terence.
Terence is moderately wounded.
You constrict Terence. Terence hits you with a +2 heavy flail!
You die...

######.#
#.#.#
#......#
#.#.##
#.####.#
#.#...
#.#....#
#.####
#.#.#(.#
#.....
#.#.#..#
######
#......#
###.#..#
#@#.....
#@##.##.#
... .. #
#..## .#
#... .#
.... #...
.....


You could see Terence.

Vanquished Creatures
  2 adders (D:2)
  3 bats (D:1)
  4 endoplasms
  4 giant cockroaches
  3 goblins (D:1)
  6 hobgoblins
  2 quokkas
  2 ball pythons
  2 frilled lizards (D:1)
  4 kobolds
32 creatures vanquished.

Vanquished Creatures (others)
  A plant (D:1)
1 creature vanquished.

Grand Total: 33 creatures vanquished

Notes
Turn   | Place    | Note
-------+----------+-------------------------------------------
     0 | D:1      | testman the Octopode Transmuter began the quest for the
                  | Orb.
     0 | D:1      | Reached XP level 1. HP: 13/13 MP: 3/3
   184 | D:1      | Reached XP level 2. HP: 14/18 MP: 3/5
   377 | D:1      | Found a faded altar of an unknown god.
   478 | D:1      | Learned a level 2 spell: Wereblood
   928 | D:1      | Reached XP level 3. HP: 21/24 MP: 4/6
  1464 | D:2      | Reached XP level 4. HP: 27/29 MP: 7/7
  1504 | D:2      | Noticed Terence
  1514 | D:2      | Slain by Terence

Illustrated notes

Levels and vault maps discovered:
D:1:      shiori_shiawase, layout_basic, shapermc_ecumenical_altar_gd,
          hangedman_decor_peaks_small
D:2:      layout_basic, serial_shops, shop, uniq_terence

Skill      XL: |  1  2  3 |
---------------+----------+-----
Fighting       | 2 |  2.2
Dodging        | |  2.0
Unarmed Combat | |  3.6
Spellcasting   | |  2.0
Transmutations | |  2.8

Action                   |  1- 3 |  4- 6 || total
-------------------------+-------+-------++-------
Melee: Unarmed           |    72 |     2 ||    74
       Tentacles         |    17 |       ||    17
       Constrict         |    19 |     1 ||    20
       Kick              |    16 |       ||    16
       Punch             |     2 |       ||     2
 Cast: Beastly Appendage |    15 |     1 ||    16
       Wereblood         |     4 |     1 ||     5
 Stab: Sleeping          |     7 |       ||     7
Armor: Skin              |     4 |       ||     4
Dodge: Dodged            |    38 |       ||    38

Table legend: (Time is in decaauts)
 A = Elapsed time spent in this place.
 B = Non-inter-level travel time spent in this place.
 C = Inter-level travel time spent in this place.
 D = Time resting spent in this place.
 E = Time spent auto-exploring this place.
 F = Levels seen in this place.
 G = Mean time per level.
                   A        B        C        D        E       F      G
               +--------+--------+--------+--------+--------+-----+--------+
         Total |   1508 |   1388 |    120 |      0 |   1152 |   2 |  754.0 |
       Dungeon |   1508 |   1388 |    120 |      0 |   1152 |   2 |  754.0 |
               +--------+--------+--------+--------+--------+-----+--------+

Top non-repeatable levels by time:
     D:1: 1328 daAuts
     D:2: 180 daAuts
